 Dungeon Crawl Stone Soup version 0.26.1-2-gb8aa6d0cf2 (webtiles) character file.

Game seed: 6432603872944781678

60 rickvoid the Conjurer (level 4, -5/24 HPs)
             Began as a Kobold Conjurer on Feb 23, 2021.
             Was an Initiate of Okawaru.
             Slain by Grinder (6 damage)
             ... while paralysed by Grinder
             ... on level 3 of the Dungeon.
             The game lasted 00:12:39 (1968 turns).

rickvoid the Conjurer (Kobold Conjurer)             Turns: 1968, Time: 00:12:39

Health: -5/24      AC:  2    Str:  4    XL:     4   Next: 24%
Magic:  4/7        EV:  3    Int: 20    God:    Okawaru [......]
Gold:   166        SH:  0    Dex: 13    Spells: 7/8 levels left

rFire    . . .     SeeInvis .   l - +3 hand axe
rCold    . . .     Faith    .   (shield restricted)
rNeg     . . .     Spirit   .   d - +0 robe
rPois    .         Reflect  .   (no helmet)
rElec    .         Harm     .   (no cloak)
rCorr    .         Rampage  .   (no gloves)
Will     .....                  (no boots)
Stlth    +++.......             (no amulet)
HPRegen  0.08/turn              (no ring)
MPRegen  0.10/turn              (no ring)

@: paralysed
A: small, nightstalker 3
a: Renounce Religion


You were on level 3 of the Dungeon.
You worshipped Okawaru.
Okawaru was noncommittal.
You visited 1 branch of the dungeon, and saw 3 of its levels.

You collected 166 gold pieces.

Inventory:

Hand Weapons
 a - a +0 short sword
 l - a +3 hand axe (weapon)
Missiles
 b - 68 arrows
 r - 15 poisoned darts
Armour
 d - a +0 robe (worn)
Jewellery
 g - an uncursed ring of protection from fire {unknown}
 s - an uncursed amulet of magic regeneration {unknown}
Wands
 o - a wand of random effects (22)
Scrolls
 c - a scroll of random uselessness {unknown}
 f - 2 scrolls of identify {unknown}
 h - a scroll of immolation {unknown}
 j - 2 scrolls of teleportation {unknown}
 m - a scroll of remove curse {unknown}
Potions
 e - 4 potions of curing {unknown}
 i - a potion of heal wounds {unknown}
 k - 3 potions of lignification {unknown}
 n - 2 potions of might {unknown}
 p - a potion of berserk rage {unknown}
 q - 2 potions of resistance {unknown}


   Skills:
 + Level 2.7 Dodging
 + Level 3.0 Stealth
 + Level 2.5 Spellcasting
 + Level 5.1 Conjurations


You had 7 spell levels left.
You knew the following spells:

 Your Spells              Type           Power        Failure   Level
a - Magic Dart            Conj           92%          1%          1

Your spell library contained the following spells:

 Spells                   Type           Power        Failure   Level
 Searing Ray              Conj           46%          2%          2
 Dazzling Flash           Conj/Hex       24%          16%         3
 Fulminant Prism          Conj/Hex       6%           45%         4
 Iskenderun's Mystic Bla  Conj/Tloc      12%          45%         4


Dungeon Overview and Level Annotations

Branches:
Dungeon (3/15)

Altars:
Okawaru

Annotations:
D:3 Grinder


Innate Abilities, Weirdness & Mutations

You are small and have problems with some larger weapons.
You are completely attuned to the shadows.


Message History

You suddenly lose the ability to move!
Grinder grins, showing sharp teeth.
You can move again.
Grinder gestures at you. Pain shoots through your body!
Casting: Magic Dart (safe; 1% risk of failure)
Confirm with . or Enter, or press ? or * to list all spells.
Aiming: Magic Dart (safe; 1% risk of failure)
Press: ? - help, Shift-Dir - straight line, f/p - Grinder
Aim: Grinder (lightly wounded, 0% to evade)
The magic dart hits Grinder.
Grinder is moderately wounded.
Grinder gestures at you.
You suddenly lose the ability to move!
Grinder hits you.
You writhe in agony.
* * * LOW HITPOINT WARNING * * *
Grinder hits you.
* * * LOW HITPOINT WARNING * * *
You writhe in agony.
You die...

..##......####
#............###.#
#............#
#############.#...
####.#....##.####
#...## #
###....##.##.##
#####
...#..##.....#
####..#####.##
...# #.#
##.######.####
#....@5.#
#.##.##.# # #.##.#
#.##.# #.##.# #.#
..#


You could see Grinder.

Vanquished Creatures
  2 adders (D:2)
  3 worms (D:2)
  A dart slug (D:1)
  A leopard gecko (D:2)
  A ball python (D:2)
  A bat (D:2)
  4 goblins
  2 hobgoblins (D:2)
  3 jackals (D:2)
  A quokka (D:2)
  4 frilled lizards
  5 kobolds
  4 rats
32 creatures vanquished.

Notes
Turn   | Place    | Note
-------+----------+-------------------------------------------
     0 | D:1      | rickvoid the Kobold Conjurer began the quest for the Orb.
     0 | D:1      | Reached XP level 1. HP: 10/10 MP: 3/3
   218 | D:1      | Reached XP level 2. HP: 15/15 MP: 0/5
   428 | D:2      | Reached XP level 3. HP: 19/19 MP: 4/6
   877 | D:2      | Found an iron altar of Okawaru.
   882 | D:2      | Became a worshipper of Warmaster Okawaru
  1009 | D:2      | Reached skill level 5 in Conjurations
  1009 | D:2      | Reached XP level 4. HP: 24/24 MP: 1/7
  1957 | D:3      | Noticed Grinder
  1960 | D:3      | Paralysed by Grinder for 2 turns
  1965 | D:3      | Paralysed by Grinder for 4 turns
  1968 | D:3      | HP: 1/24 [Grinder (6)]
  1968 | D:3      | Slain by Grinder

Illustrated notes

Levels and vault maps discovered:
D:1:      lightli_arrival_flooded_house, layout_rooms
D:2:      layout_basic, okawaru_ov_weapons_minmay
D:3:      layout_loops_cross, chequers_ecumenical_altar_twisty,
          chequers_arboretum, uniq_grinder

Skill      XL: |  1  2  3 |
---------------+----------+-----
Stealth        | 3 |  3.0
Conjurations   | 5 |  5.1
Dodging        | |  2.7
Spellcasting   | |  2.5

Action                   |  1- 3 |  4- 6 || total
-------------------------+-------+-------++-------
Melee: Hand axe          |       |     6 ||     6
 Cast: Magic Dart        |    47 |    24 ||    71
Dodge: Dodged            |     8 |     6 ||    14
